 Dungeon Crawl Stone Soup version 0.27.0-1-g7a089689b8 (webtiles) character file.

Game seed: 3622230752531796959

93432 SnakkuSnakku7 the Grappler (level 15, 0/145 HPs)
             Began as a Troll Fire Elementalist on Aug 9, 2021.
             Was a High Priest of Cheibriados.
             Slain by a slime creature (14 damage)
             ... summoned by an orange crystal statue
             ... in an ice cave.
             The game lasted 00:35:31 (17129 turns).

SnakkuSnakku7 the Grappler (TrFE)                  Turns: 17129, Time: 00:35:32

Health: 0/145      AC: 15    Str: 34    XL:     15   Next: 60%
Magic:  3/21       EV: 15    Int: 25    God:    Cheibriados [*****.]
Gold:   1952       SH: 23    Dex: 29    Spells: 16/16 levels left

rFire    x . .     SeeInvis .     - Unarmed
rCold    + . .     Faith    .   S - +2 tower shield
rNeg     . . .     Spirit   .   r - +1 steam dragon scales
rPois    .         Reflect  .   d - +2 hat
rElec    .         Harm     .   U - +2 cloak {Will+}
rCorr    .         Rampage  .   (gloves unavailable)
Will     ++...                  (boots unavailable)
Stlth    +++.......             l - amulet of regeneration
HPRegen  2.34/turn              k - +4 ring of slaying
MPRegen  0.17/turn              J - ring of ice

@: very slow
A: large, unfitting armour, claws 3, regeneration 1, shaggy fur 1, tough skin 1
a: Renounce Religion, Bend Time, Temporal Distortion, Slouch, Step From Time


You were in an ice cave.
You worshipped Cheibriados.
Cheibriados was extremely pleased with you.
You visited 4 branches of the dungeon, and saw 23 of its levels.
You also visited: Trove, Sewer and Ice Cave.

You collected 3204 gold pieces.
You spent 1252 gold pieces at shops.

Inventory:

Hand Weapons
 E - a +2 scimitar of flaming
Missiles
 c - 21 javelins
 y - a throwing net
 F - 33 large rocks (quivered)
Armour
 d - a +2 hat (worn)
 r - +1 steam dragon scales (worn)
 v - the +1 cloak of Starlight {*Dazzle EV+4 Stlth--}
   (You bought it in a shop on level 15 of the Dungeon)

   It may blind those who miss an attack against the wearer in melee combat.
   EV:        It affects your evasion (+4).
   Stlth:     It makes you much less stealthy.
 S - a +2 tower shield (worn)
 U - a +2 cloak of willpower (worn)
Jewellery
 k - a +4 ring of slaying (left claw)
 l - an amulet of regeneration (around neck)
 t - a ring of flight
 z - a ring of protection from fire
 C - a +6 ring of strength
 J - a ring of ice (right claw)
Wands
 n - a wand of flame (54)
 p - a wand of paralysis (25)
 q - a wand of mindburst (39)
 D - a wand of digging (5)
 P - a wand of iceblast (28)
Scrolls
 b - a scroll of holy word
 f - a scroll of summoning
 i - a scroll of teleportation
 j - 2 scrolls of fog
 w - 2 scrolls of enchant armour
 I - 2 scrolls of magic mapping
 O - a scroll of brand weapon {unknown}
 Q - 2 scrolls of silence
 R - a scroll of vulnerability {unknown}
Potions
 a - 3 potions of might {unknown}
 e - 7 potions of curing
 g - 6 potions of brilliance
 m - a potion of magic
 o - 3 potions of cancellation {unknown}
 u - a potion of heal wounds
 A - 5 potions of resistance
 B - 7 potions of mutation
 G - a potion of ambrosia
 K - a potion of attraction
 L - a potion of invisibility
 M - a potion of flight
Miscellaneous
 h - a tin of tremorstones (2/2)


   Skills:
 + Level 8.4 Fighting
 - Level 10.0 Throwing
 - Level 10.0 Armour
 - Level 7.4 Dodging
 - Level 1.0 Stealth
 - Level 10.0 Shields
 - Level 12.0 Unarmed Combat
 - Level 1.2 Spellcasting
 - Level 0.6 Conjurations
 - Level 2.1 Fire Magic
 - Level 10.0 Invocations


You had 16 spell levels left.
You didn't know any spells.
Your spell library contained the following spells:

 Spells                   Type           Power      Damage    Failure   Level
 Foxfire                  Conj/Fire      32%        2x1d5     21%         1
 Beastly Appendage        Tmut           2%         N/A       34%         1
 Pain                     Necr           4%         1d4       34%         1
 Sandblast                Erth           2%         2d4       34%         1
 Passwall                 Tmut/Erth      0%         N/A       47%         2
 Wereblood                Tmut           1%         N/A       47%         2
 Conjure Flame            Conj/Fire      8%         6-21      52%         3
 Inner Flame              Hex/Fire       7%         N/A       56%         3
 Spider Form              Tmut/Pois      0%         N/A       71%         3
 Sticky Flame             Conj/Fire      8%         2d3       89%         4
 Fulminant Prism          Conj/Hex       1%         3d6       97%         4
 Hailstorm                Conj/Ice       4%         3d4       97%         4
 Iskenderun's Mystic Bla  Conj/Tloc      3%         2d3       97%         4
 Animate Dead             Necr           0%         N/A       98%         4
 Ice Form                 Ice/Tmut       2%         N/A       98%         4
 Passage of Golubria      Tloc           N/A        N/A       98%         4
 Fireball                 Conj/Fire      4%         3d4       99%         5
 Agony                    Necr           1%         N/A       100%        5
 Borgnjor's Vile Clutch   Necr/Erth      0%         N/A       100%        5
 Excruciating Wounds      Necr           0%         N/A       100%        5
 Lee's Rapid Deconstruct  Erth           0%         3d5*      100%        5
 Silence                  Hex/Air        0%         N/A       100%        5
 Summon Forest            Summ/Tloc      0%         N/A       100%        5
 Summon Mana Viper        Hex/Summ       1%         N/A       100%        5
 Death Channel            Necr           0%         N/A       100%        6
 Dispersal                Tloc           0%         N/A       100%        6
 Shadow Creatures         Summ           N/A        N/A       100%        6
 Simulacrum               Ice/Necr       1%         N/A       100%        6
 Disjunction              Tloc           0%         N/A       100%        8
 Lehudib's Crystal Spear  Conj/Erth      1%         10d2      100%        8


Dungeon Overview and Level Annotations

Branches:
Dungeon (15/15)            Temple (1/1) D:4            Lair (6/6) D:11
  Swamp (0/4) Lair:2        Snake (0/4) Lair:3        Slime (0/5) Lair:5
    Orc (2/2) D:9             Elf (0/3) Orc:2        Depths (0/5) D:15
  Sewer (visited)           IceCv (1/1)
 Vaults: D:13-14

Altars:
Ashenzari
Cheibriados
Dithmenos
Elyvilon
Fedhas
Gozag
Hepliaklqana
Kikubaaqudgha
Makhleb
Nemelex Xobeh
Okawaru
Qazlal
Ru
Sif Muna
Trog
Uskayaw
Vehumet
Wu Jian
Xom
Yredelemnul
Zin
The Shining One
Beogh
Jiyva

Shops:
D:2 *   D:15 [   Orc:2 :(*[

Annotations:
IceCv exclusion: 2 orange crystal statues


Innate Abilities, Weirdness & Mutations

You are too large for most types of armour.
You have claws for hands.
Your natural rate of healing is unusually fast.
You are covered in fur. (AC +1)
You have tough skin. (AC +1)


Message History

The large slime creature barely misses you.
The very large slime creature hits you!!
You are too injured to fight recklessly!
You are too injured to fight recklessly!
You are too injured to fight recklessly!
You claw the very large slime creature!
The very large slime creature is severely wounded.
The slime creature hits you!
You block the very large slime creature's attack.
You block the large slime creature's attack.
You mangle the very large slime creature!!
The very large slime creature is almost dead.
You block the slime creature's attack.
You block the very large slime creature's attack.
The large slime creature hits you!
* * * LOW HITPOINT WARNING * * *
You mangle the very large slime creature!!
You kill the very large slime creature!
The slime creature hits you.
* * * LOW HITPOINT WARNING * * *
A large slime creature splits.
Unknown command.
You barely miss the slime creature.
The slime creature is lightly wounded.
The slime creature hits you.
* * * LOW HITPOINT WARNING * * *
You block the slime creature's attack.
You mangle the slime creature!!
The slime creature is moderately wounded.
You block the slime creature's attack. The slime creature hits you!
* * * LOW HITPOINT WARNING * * *
You claw the slime creature!
The slime creature is moderately wounded.
You block the slime creature's attack. x3
You claw the slime creature!
The slime creature is heavily wounded.
The slime creature barely misses you. The slime creature hits you!
* * * LOW HITPOINT WARNING * * *
The slime creature hits you!
You die...

.## ..#### ..8.. ... #(#
. ########.## ..
###....JJ...# ##.
##......@J...### ###.. #
#......###.....# #8...###
#.....######.............
#........[[###....####...
##.....##[[..########....
##.....##.....##......##
####...####.......####.
##....####...###....
###.....#####.....#


You could see 3 slime creatures.

Vanquished Creatures
  Rupert (Orc:2)
  Jorgrun (Orc:2)
  An orc warlord (Orc:2)
  3 quicksilver oozes (IceCv)
  A dire elephant (Lair:6)
  A boulder beetle (D:15)
  A great orb of eyes (D:15)
  Fannar (D:11)
  10 hydras
  A catoblepas (Lair:6)
  3 centaur warriors (D:15)
  Erica (D:10)
  5 two-headed ogres
  3 death yaks (Lair:6)
  Urug (D:10)
  Nergalle (D:11)
  A deep elf knight (D:10)
  3 orc high priests (Orc:2)
  A death drake (shapeshifter) (D:15)
  3 lindwurms (Lair:6)
  Pikel (D:8)
  4 orc sorcerers (Orc:2)
  4 manticores
  4 orc knights
  3 oklob plants (Lair:6)
  8 ugly things
  4 cyclopes (D:15)
  15 elephants
  2 centaur zombies
  6 black mambas
  A kobold demonologist (D:10)
  Joseph (D:9)
  11 cane toads
  An unseen horror (D:7)
  A gargoyle (D:12)
  Maggie (D:10)
  10 komodo dragons
  A freezing wraith (D:15)
  4 rime drakes
  A guardian mummy (D:11)
  3 very ugly thing simulacra (IceCv)
  An entropy weaver simulacrum (IceCv)
  3 meliai (D:15)
  2 polar bears
  3 trolls
  9 slime creatures
  8 dream sheep (Lair:6)
  27 blink frogs
  3 wraiths (D:11)
  A vampire (D:11)
  10 wyverns
  37 yaks
  3 basilisks
  Grum (D:9)
  3 wargs
  2 steam dragons
  8 vampire mosquitoes
  Menkaure (D:5)
  5 nagas (Lair:3)
  An acid dragon (D:10)
  15 water moccasins
  3 demonic crawler simulacra (IceCv)
  4 ice beasts
  33 orc warriors
  2 sky beasts (D:8)
  5 black bears
  An ugly thing simulacrum (IceCv)
  6 ogres
  17 wolves
  7 centaurs
  A lemure (D:8)
  2 phantoms
  3 kobold brigands
  12 bullfrogs
  A wyvern zombie (D:6)
  A scorpion (D:6)
  A water moccasin skeleton (D:5)
  4 wights (D:7)
  17 killer bees
  An electric eel (Lair:4)
  A howler monkey (D:12)
  A lava snake (Lair:4)
  28 orc priests
  6 hounds
  3 bullfrog skeletons
  2 jellies
  3 gnoll shamans
  2 iguanas (D:5)
  Jessica (D:2)
  31 orc wizards
  8 hell rats
  2 killer bee zombies
  A hound skeleton (D:4)
  2 howler monkey zombies
  20 gnolls
  10 adders
  A howler monkey skeleton (D:7)
  A river rat (D:3)
  4 shadow imps
  2 white imps
  An ufetubus (D:7)
  An adder skeleton (D:4)
  A worm (D:3)
  4 dart slugs
  94 orcs
  4 bats
  6 endoplasms
  3 giant cockroaches
  15 goblins
  3 hobgoblins
  6 jackals
  20 kobolds
  4 quokkas
  7 ball pythons
  2 frilled lizards (D:1)
  4 rats
697 creatures vanquished.

Vanquished Creatures (collateral kills)
  2 orc warriors (Orc:2)
  An ogre (Orc:2)
  An orc (Orc:2)
4 creatures vanquished.

Vanquished Creatures (others)
  An entropy weaver simulacrum (IceCv)
  An orc (Orc:1)
  37 fungi
  61 plants
100 creatures vanquished.

Grand Total: 801 creatures vanquished

Notes
Turn   | Place    | Note
-------+----------+-------------------------------------------
     0 | D:1      | SnakkuSnakku7 the Troll Fire Elementalist began the quest
                  | for the Orb.
     0 | D:1      | Reached XP level 1. HP: 16/16 MP: 1/1
   196 | D:1      | Reached skill level 1 in Unarmed Combat
   199 | D:1      | Reached XP level 2. HP: 26/26 MP: 2/2
   246 | D:1      | Reached skill level 1 in Fighting
   879 | D:2      | Reached XP level 3. HP: 33/33 MP: 3/3
   882 | D:2      | Noticed Jessica
   887 | D:2      | Killed Jessica
   888 | D:2      | Reached skill level 2 in Unarmed Combat
   974 | D:2      | Found a radiant altar of Vehumet.
   980 | D:2      | Found Ibbahoad's Assorted Antiques.
   988 | D:2      | Bought an orange potion for 22 gold pieces
  1108 | D:2      | Reached XP level 4. HP: 42/42 MP: 4/4
  1205 | D:2      | Found a faded altar of an unknown god.
  1614 | D:3      | Reached skill level 3 in Unarmed Combat
  1617 | D:3      | Reached XP level 5. HP: 19/50 MP: 5/5
  1886 | D:3      | Found a glowing drain.
  1891 | Sewer    | Entered a sewer
  1896 | Sewer    | Reached skill level 4 in Unarmed Combat
  1940 | Sewer    | Noticed a water moccasin
  1947 | Sewer    | Killed a water moccasin
  1948 | Sewer    | Reached XP level 6. HP: 43/61 MP: 6/6
  2175 | D:3      | Found a transporter.
  2181 | D:3      | Found a transporter.
  2451 | D:2      | Bought a scroll labelled DASHUXKYGOL for 25 gold pieces
  2451 | D:2      | Bought a scroll labelled GYTIFORHYGH for 25 gold pieces
  2451 | D:2      | Bought a sedimented silvery potion for 22 gold pieces
  2451 | D:2      | Bought a scroll labelled VEGU XIGUSTRUOG for 25 gold pieces
  2513 | D:4      | Noticed a steam dragon
  2525 | D:4      | Killed a steam dragon
  2526 | D:4      | Reached skill level 5 in Unarmed Combat
  2526 | D:4      | Reached XP level 7. HP: 62/70 MP: 7/7
  2640 | D:4      | Reached skill level 6 in Unarmed Combat
  2657 | D:4      | Reached skill level 5 in Fighting
  2804 | D:4      | Found a staircase to the Ecumenical Temple.
  2836 | Temple   | Entered the Ecumenical Temple
  2905 | Temple   | Became a worshipper of Cheibriados the Contemplative
  3161 | D:5      | Entered Level 5 of the Dungeon
  3178 | D:5      | Noticed Menkaure
  3197 | D:5      | Reached skill level 7 in Unarmed Combat
  3197 | D:5      | Reached XP level 8. HP: 68/80 MP: 8/8
  3211 | D:5      | Killed Menkaure
  3267 | D:5      | Reached skill level 8 in Unarmed Combat
  3308 | D:5      | Found an ornate altar of the Wu Jian Council.
  3324 | D:5      | Reached * piety under Cheibriados
  3502 | D:5      | Reached skill level 9 in Unarmed Combat
  3515 | D:5      | Found a blossoming altar of Fedhas.
  3530 | D:5      | Found a radiant altar of Vehumet.
  3865 | D:6      | Reached XP level 9. HP: 88/88 MP: 9/9
  3945 | D:6      | Reached skill level 10 in Unarmed Combat
  3965 | D:6      | Found a basalt altar of Yredelemnul.
  3965 | D:6      | Found a shimmering blue altar of Sif Muna.
  4223 | D:6      | Found a shadowy altar of Dithmenos.
  4341 | D:7      | Reached ** piety under Cheibriados
  4466 | D:7      | Reached skill level 11 in Unarmed Combat
  4620 | D:7      | Killed an unseen horror
  4621 | D:7      | Reached skill level 12 in Unarmed Combat
  4653 | D:7      | Reached *** piety under Cheibriados
  4670 | D:7      | Reached skill level 1 in Throwing
  4940 | D:8      | Noticed Pikel
  4951 | D:8      | Killed Pikel
  4952 | D:8      | Reached XP level 10. HP: 74/96 MP: 10/10
  5161 | D:8      | Reached skill level 5 in Throwing
  5397 | D:8      | Reached **** piety under Cheibriados
  5774 | D:9      | Reached ***** piety under Cheibriados
  5802 | D:9      | Found a staircase to the Orcish Mines.
  6009 | D:9      | Noticed a two-headed ogre
  6012 | D:9      | Killed a two-headed ogre
  6083 | D:9      | Noticed a two-headed ogre
  6090 | D:9      | Killed a two-headed ogre
  6123 | D:9      | Noticed Grum
  6127 | D:9      | Reached XP level 11. HP: 80/102 MP: 11/11
  6144 | D:9      | Killed Grum
  6224 | D:10     | Entered Level 10 of the Dungeon
  6241 | D:10     | Noticed a soul eater
  6289 | D:10     | Noticed a two-headed ogre
  6298 | D:10     | Killed a two-headed ogre
  6299 | D:10     | Reached skill level 10 in Throwing
  6314 | D:10     | Noticed Joseph
  6315 | D:10     | Noticed Erica
  6326 | D:9      | Killed Joseph
  6346 | D:10     | Noticed a deep elf knight
  6361 | D:10     | Killed Erica
  6449 | D:10     | Killed a deep elf knight
  6465 | D:10     | Noticed a two-headed ogre
  6469 | D:10     | Killed a two-headed ogre
  6470 | D:10     | Reached skill level 5 in Invocations
  6581 | D:10     | Noticed a +5 great sword
  6588 | D:10     | Noticed Urug
  6597 | D:10     | Noticed Maggie
  6601 | D:10     | Killed Urug
  6607 | D:10     | Killed Maggie
  6867 | D:10     | Noticed a sixfirhy
  7339 | D:11     | Found a portal to a secret trove of treasure.
  7549 | D:11     | Noticed Fannar
  7576 | D:11     | Killed Fannar
  7633 | D:11     | Found a staircase to the Lair.
  7638 | D:11     | Noticed Nergalle
  7645 | D:11     | Killed Nergalle
  7650 | D:11     | Reached XP level 12. HP: 91/111 MP: 17/17
  8410 | Lair:1   | Entered Level 1 of the Lair of Beasts
  8477 | Lair:1   | Noticed a five-headed hydra
  8484 | Lair:1   | Killed a five-headed hydra
  9115 | Lair:2   | Noticed a seven-headed hydra
  9121 | Lair:2   | Killed a seven-headed hydra
  9122 | Lair:2   | Reached skill level 10 in Invocations
  9245 | Lair:2   | Found a staircase to the Swamp.
  9515 | Lair:2   | Noticed a seven-headed hydra
  9520 | Lair:2   | Killed a seven-headed hydra
  9521 | Lair:2   | Reached skill level 5 in Dodging
 10157 | Lair:3   | Found a staircase to the Snake Pit.
 10496 | Lair:3   | Reached skill level 1 in Shields
 10497 | Lair:3   | Reached XP level 13. HP: 114/118 MP: 19/19
 10576 | Lair:3   | Reached ****** piety under Cheibriados
 11234 | Lair:4   | Reached skill level 5 in Shields
 11678 | Lair:5   | Found a viscous altar of Jiyva.
 11680 | Lair:5   | Found a staircase to the Slime Pits.
 12219 | Lair:6   | Entered Level 6 of the Lair of Beasts
 12539 | Lair:6   | Reached XP level 14. HP: 116/127 MP: 20/20
 12623 | Lair:6   | HP: 6/127 [eight-headed hydra (4)]
 12623 | Lair:6   | HP: 1/127 [eight-headed hydra (5)]
 12752 | Lair:6   | Reached skill level 10 in Shields
 12825 | Lair:6   | Reached skill level 1 in Armour
 13391 | Lair:6   | Reached skill level 5 in Armour
 13852 | D:11     | You paid a toll of 4 scrolls of fear to enter a treasure
                  | trove
 13853 | Trove    | Entered a treasure trove
 13990 | Orc:1    | Entered Level 1 of the Orcish Mines
 14158 | Orc:2    | Entered Level 2 of the Orcish Mines
 14366 | Orc:2    | Found a staircase to the Elven Halls.
 14386 | Orc:2    | Noticed Rupert
 14400 | Orc:2    | Noticed an orc warlord
 14411 | Orc:2    | Noticed Jorgrun
 14472 | Orc:2    | Killed Rupert
 14485 | Orc:2    | Killed Jorgrun
 14719 | Orc:2    | Killed an orc warlord
 14720 | Orc:2    | Reached XP level 15. HP: 73/133 MP: 21/21
 15105 | Orc:2    | Found Buavubo's Antique Armour Shop.
 15106 | Orc:2    | Found Meimnalu's Antique Weapon Shop.
 15107 | Orc:2    | Found Fuhoaqe's General Store.
 15107 | Orc:2    | Found Nuolittocia's Book Boutique.
 15113 | Orc:2    | Bought an embroidered hat for 203 gold pieces
 15130 | Orc:2    | Bought a scroll of enchant armour for 105 gold pieces
 15130 | Orc:2    | Bought 2 potions of curing for 84 gold pieces
 15130 | Orc:2    | Bought a scroll of teleportation for 42 gold pieces
 15130 | Orc:2    | Bought a scroll of fog for 28 gold pieces
 15473 | Orc:1    | You fall into a shaft and drop 1 floor!
 15784 | D:12     | Found a broken altar of Ashenzari.
 16005 | D:12     | You fall into a shaft and drop 3 floors!
 16005 | D:15     | Entered Level 15 of the Dungeon
 16073 | D:15     | Reached skill level 10 in Armour
 16310 | D:15     | Found Neliqeow's Antique Armour Shop.
 16318 | D:15     | Bought the +1 cloak of Starlight {*Dazzle EV+4 Stlth--} for
                  | 671 gold pieces
 16318 | D:15     | Found the +1 cloak of Starlight {*Dazzle EV+4 Stlth--}
 16437 | D:15     | Found a staircase to the Depths.
 16818 | D:14     | Found a frozen archway.
 16832 | IceCv    | Entered an ice cave
 17129 | IceCv    | Slain by a slime creature

Illustrated notes

Levels and vault maps discovered:
D:1:      dpeg_arrival_lava_altar, layout_basic, serial_bayou,
          serial_bayou_crossing, serial_bayou_lake_a, serial_bayou_pond_b,
          serial_bayou_pond_d, minmay_misc_feat_secret_circle
D:2:      layout_loops_ring, shapermc_ecumenical_altar_mp_urbaneastern,
          serial_shops, shop, basic_altar, uniq_jessica
D:3:      gammafunk_wand_slinger, layout_basic, gup_sewer_entry_bowl,
          palyth_stone_intersect
D:4:      layout_cave_pools, minmay_temple_entry_drinking_statues
D:5:      layout_loops_ring, lemuel_doored_altar, mainiacjoe_overflow_24_doors,
          lemuel_crystal_altar, minmay_between, uniq_menkaure
D:6:      layout_cave_pools, kennysheep_mini_moat,
          gammafunk_temple_overflow_wave
D:7:      layout_rooms
D:8:      layout_gridville, uniq_pikel
D:9:      layout_irregular_city, orc_0_dummy, uniq_grum
D:10:     layout_basic, serial_bayou_pond_e, sword_in_stone, uniq_maggie,
          uniq_urug
D:11:     lemuel_ice_spiral_2, layout_stronghold, david_lair_shrubbed,
          nicolae_trove_entry_path_of_doom, kennysheep_generic_room_6,
          uniq_fannar, uniq_nergalle
D:12:     layout_basic, cheibrodos_ashenzari_chains
D:14:     layout_gridville, erik_vaults_1, serial_rivers,
          chequers_serial_rivers_micro_a, chequers_serial_rivers_micro_a,
          chequers_serial_rivers_micro_d, chequers_serial_rivers_large_a,
          chequers_serial_rivers_small_3, portal_ice_cave_entry_pillars_2
D:15:     gammafunk_enter_depths_forms, layout_loops_cross, serial_shops, shop,
          minmay_sticks_and_stones
Temple:   minmay_temple_bridge_d
Lair:1:   layout_chaotic_city, grunt_megastairs_3, serial_bayou_shore_b
Lair:2:   layout_regular_city, swamp_mist_pool, beast_lair_carwin_9,
          serial_bayou_shore_b
Lair:3:   layout_regular_city, minmay_snake_entry_guardpost_medium,
          grunt_megastairs_1
Lair:4:   layout_gridlike
Lair:5:   layout_small_grid, slime_altar_1, grunt_forest_small_clearings,
          serial_bayou_shore_b
Lair:6:   hangedman_lair_in_review, layout_regular_city, grunt_megastairs_2,
          serial_bayou_shore_b, minmay_lair_oklob_chamber
Orc:1:    layout_diamond_mine, basic_altar
Orc:2:    st_orc_congregation, layout_caves, mines1_david, uniq_rupert,
          uniq_jorgrun
IceCv:    ice_cave_hellmonk_azure_passage

Skill      XL: |  1  2  3  4  5  6  7  8  9 10 11 12 13 14 15 |
---------------+----------------------------------------------+-----
Unarmed Combat | 1 2 3 4 5 7 9 12 | 12.0
Fighting       | 1 2 3 4 5 8 |  8.4
Throwing       | 3 9 10 | 10.0
Invocations    | 8 10 | 10.0
Dodging        | 7 |  7.4
Shields        | 1 9 10 | 10.0
Armour         | 9 10 | 10.0
Stealth        | |  1.0
Spellcasting   | |  1.2
Conjurations   | |  0.6
Fire Magic     | |  2.1

Action                   |  1- 3 |  4- 6 |  7- 9 | 10-12 | 13-15 || total
-------------------------+-------+-------+-------+-------+-------++-------
Melee: Unarmed           |    99 |   163 |   279 |   414 |  1001 ||  1956
       Punch             |     1 |     1 |    15 |    48 |    15 ||    80
Throw: Javelin           |       |       |     3 |    14 |     7 ||    24
       Large rock        |       |       |       |    12 |    40 ||    52
       Throwing net      |       |       |       |     1 |       ||     1
Invok: Temporal Distorti |       |       |       |     3 |       ||     3
       Slouch            |       |       |       |     2 |     8 ||    10
       Step From Time    |       |       |       |       |     4 ||     4
Evoke: Wand              |       |    16 |       |       |     5 ||    21
  Use: Scroll            |       |     5 |     5 |     8 |    27 ||    45
       Potion            |       |       |       |     2 |     7 ||     9
 Stab: Sleeping          |     6 |     2 |     6 |     7 |     3 ||    24
       Distracted        |       |       |       |     1 |     3 ||     4
       Petrifying        |       |       |       |       |     1 ||     1
Armor: Robe              |    52 |    66 |    98 |    65 |       ||   281
       Steam dragon scal |       |       |       |    58 |   203 ||   261
       Skin              |       |       |       |       |     5 ||     5
Dodge: Dodged            |    42 |    57 |   147 |   233 |   428 ||   907
Block: Other             |       |       |    21 |   133 |    44 ||   198
       Reflection        |       |       |       |     3 |    21 ||    24
       Tower shield      |       |       |       |       |  1271 ||  1271
